 Dungeon Crawl Stone Soup version 0.28.0-43-g3370ac3207 (webtiles) character file.

Game seed: 16657590819489923329

67 RascalDebosk the Poker (level 3, 0/31 HPs)
             Began as a Minotaur Gladiator on Mar 31, 2022.
             Slain by an iguana (6 damage)
             ... on level 2 of the Dungeon on Apr 1, 2022.
             The game lasted 00:09:52 (1735 turns).

RascalDebosk the Poker (Minotaur Gladiator)         Turns: 1735, Time: 00:09:52

Health: 0/31       AC:  4    Str: 20    XL:     3   Next: 98%
Magic:  2/2        EV: 12    Int:  5    God:
Gold:   81         SH:  0    Dex: 11    Spells: 2/2 levels left

rFire   . . .      SeeInvis .   a - +0 trident
rCold   . . .      Faith    .   (no shield)
rNeg    . . .      Spirit   .   b - +0 leather armour
rPois   .          Reflect  .   c - +0 hat
rElec   .          Harm     .   l - scarf {+Inv}
rCorr   .          Rampage  .   e - +0 pair of gloves
Will    .....                   (no boots)
Stlth   +.........              (no amulet)
HPRegen 0.10/turn               (no ring)
MPRegen 0.08/turn               (no ring)

@: no status effects
A: horns 2, retaliatory headbutt
a: Evoke Invisibility


You were on level 2 of the Dungeon.
You visited 1 branch of the dungeon, and saw 2 of its levels.

You collected 81 gold pieces.

Inventory:

Hand Weapons
 a - a +0 trident (weapon)
Missiles
 d - 3 throwing nets (quivered)
Armour
 b - a +0 leather armour (worn)
 c - a +0 hat (worn)
 e - a +0 pair of gloves (worn)
 l - a scarf of invisibility (worn)
Jewellery
 n - a +6 ring of strength
Scrolls
 f - 3 scrolls of identify {unknown}
 g - 2 scrolls of immolation {unknown}
 h - a scroll of torment {unknown}
 j - a scroll of teleportation {unknown}
 m - a scroll of enchant weapon {unknown}
Potions
 i - 2 potions of flight {unknown}
 k - a potion of resistance {unknown}


   Skills:
 + Level 3.2 Fighting
 + Level 4.2 Polearms
 + Level 2.6 Throwing
 + Level 1.8 Armour
 - Level 3.2 Dodging
 + Level 0.7 Evocations


You had 2 spell levels left.
You didn't know any spells.
Your spell library was empty.

Dungeon Overview and Level Annotations

Branches:
Dungeon (2/15)

Altars:


Innate Abilities, Weirdness & Mutations

You have a pair of horns on your head.
You reflexively headbutt those who attack you in melee.


Message History

No target in view!
No target in view!
You see here an adder corpse.
Found a leather armour.
There is a shaft here.
Found a stone staircase leading up.
An iguana comes into view.
The iguana hisses angrily.
Found a stone staircase leading down.
You reach to attack!
You barely miss the iguana. You hit the iguana.
Your headbutt misses the iguana.
The iguana is moderately wounded.
The iguana barely misses you.
You hit the iguana but do no damage. You headbutt the iguana!
The iguana is severely wounded.
The iguana closely misses you.
You hit the iguana.
The iguana is severely wounded.
The iguana closely misses you.
You closely miss the iguana.
The iguana is severely wounded.
The iguana bites you!
A frilled lizard comes into view.
You barely miss the iguana.
The iguana is severely wounded.
The iguana bites you!
You are too injured to fight recklessly!
You are too injured to fight recklessly!
You are too injured to fight recklessly!
You are too injured to fight recklessly!
You barely miss the iguana.
The frilled lizard hisses angrily.
You headbutt the iguana.
The iguana is almost dead.
The iguana bites you.
* * * LOW HITPOINT WARNING * * *
You barely miss the iguana. Your headbutt misses the iguana.
The iguana is almost dead.
The iguana bites you.
You die...

### .. ... #.# ....
..####.############
...#
#..................
..# #.....@l......
.# #.^##.#.##<###
.# #..##.#>#
.##########..##.#.#
.............##[#l#
#.##########....#.#
#.# #.####.#
#.##########.# ..
#...†........##.


You could see an iguana and a frilled lizard.

Vanquished Creatures
  2 adders (D:2)
  A worm (D:2)
  A bat (D:1)
  5 endoplasms
  3 goblins (D:1)
  3 hobgoblins
  14 jackals
  A quokka (D:1)
  3 ball pythons
  4 frilled lizards
  2 kobolds (D:1)
  2 rats (D:1)
41 creatures vanquished.

Notes
Turn   | Place    | Note
-------+----------+-------------------------------------------
     0 | D:1      | RascalDebosk the Minotaur Gladiator began the quest for the
                  | Orb.
     0 | D:1      | Reached XP level 1. HP: 18/18 MP: 0/0
   112 | D:1      | Reached XP level 2. HP: 25/25 MP: 1/1
   114 | D:1      | Reached skill level 1 in Armour
   429 | D:1      | Reached skill level 4 in Polearms
   595 | D:1      | Found a faded altar of an unknown god.
   845 | D:1      | Reached XP level 3. HP: 27/31 MP: 2/2
  1735 | D:2      | Slain by an iguana

Illustrated notes

Levels and vault maps discovered:
D:1:      dpeg_arrival_concentric_ovals, layout_basic,
          shapermc_ecumenical_altar_flowoftime
D:2:      layout_loops_ring

Skill      XL: |  1  2 |
---------------+-------+-----
Armour         | 1 |  1.8
Polearms       | 4 |  4.2
Fighting       | 3 |  3.2
Throwing       | |  2.6
Dodging        | |  3.2
Evocations     | |  0.7

Action                   || total
-------------------------++-------
Melee: Trident           ||   108
       Headbutt          ||    15
Armor: Leather armour    ||    23
Dodge: Dodged            ||    53
